AoeStats
← randomciv

MegaRandom

504319907Analyzed
1v1 RM · 28d ago on Sep 4, 2026· 17m 53s· 2 players
Game mode
Random Map
Map size
Tiny (2 player)
Population
200
Speed
Normal
Resources
Standard
Victory
Conquest
Starting age
Dark Age
Ending age
Imperial Age
RankedLock teamsTeams togetherTeam positionsShared explorationLock speedFull tech treeHidden civsTurbo modeCheats
Victory
Defeat
🇦🇷 Magyars · Argentina
1895
+19
🇨🇳 Mongols · China
1954
-19
randomciv
10:36 Feudal Age
14:57 Castle Age
13:31 Double-Bit Axe
13:59 Horse Collar
15:24 Fletching
15:53 Bow Saw
15:49 Loom
killtabig
9:15 Loom
11:01 Feudal Age
12:35 Double-Bit Axe
15:55 Castle Age
14:48 Horse Collar
17:06 Bow Saw
Connection lost

Rejoining the realm…

Still unreachable

The connection could not be restored.

Session expired

The server has moved on; the page needs a fresh start.